Map: Port Aleksander LE

Players

Visconti - Winner!

  • Race: Terran Terran
  • League: Diamond
  • Spawn Location: 5:00

Mesrob

  • Race: Terran Terran
  • League: Gold
  • Spawn Location: 11:00

VOD

Have the link to the VOD?

Description

Time

  • Played on: Jan. 14, 2019, 10:29 p.m.
  • Length: 4:06
Show
View Real Time Build Order
Export as new Build Order

Visconti Terran - Winner!

Build Orders:  

Get SALT Encoding   

  12  0:00  SCV  
  13  0:16  Supply Depot  
  13  0:20  SCV  
  14  0:47  Barracks  
  14  0:51  Barracks  
  14  0:57  Refinery  
  14  1:02  SCV  
  15  1:10  Refinery  
  15  1:17  SCV  
  16  1:37  Supply Depot  
  16  1:41  Reaper  
  17  1:49  Reaper  
  18  2:00  SCV  
  19  2:13  Reaper  
  19  2:35  Reaper  
  20  2:45  Reaper  
  20  3:07  Reaper  
  21  3:18  Reaper  
  23  3:51  Factory  
Show
View Real Time Build Order
Export as new Build Order

Mesrob Terran 

Build Orders:  

Get SALT Encoding   

  12  0:00  SCV  
  13  0:13  SCV  
  14  0:18  Supply Depot  
  14  0:25  SCV  
  15  0:40  SCV  
  16  0:43  Barracks  
  16  0:51  Refinery  
  16  0:52  SCV  
  17  1:04  SCV  
  18  1:16  SCV  
  19  1:34  Orbital Command  
  19  1:41  Command Center  
  19  1:45  Marine  
  20  2:03  Bunker  
  20  2:07  Factory  
  19  2:26  Marine  
  17  2:40  SCV  
  17  2:43  Marine  
  15  3:01  Marine  
  13  3:17  SCV  
  10  3:29  SCV  
  10  3:32  Marine  
Tags
 
Matchup
TvT
Race
Terran
Replay Pack
sc2 replays
Spawn Locations
Cross Positions
Add a new tag
Caveats
  • Supply blocks, unpowered buildings, or Contaminate may cause inaccurate times.
  • Supply counts are checked every 10 seconds.